 Dungeon Crawl Stone Soup version 0.31-a0-986-g5e6e4ef867 (webtiles) character file.

Game seed: 6364880890656323153

6407 Gelion the Skirmisher (level 10, -3/65 HPs)
             Began as a Gargoyle Hunter on Nov 13, 2023.
             Was a Follower of the Shining One.
             Slain by an orc warrior
             ... wielding a +1 lajatang of speed
              (21 damage)
             ... in a bailey.
             The game lasted 00:23:07 (6314 turns).

Gelion the Skirmisher (Gargoyle Hunter)             Turns: 6314, Time: 00:23:07

Health: -3/65      AC: 14    Str: 18    XL:     10   Next: 98%
Magic:  15/15      EV: 12    Int:  9    God:    the Shining One [*.....]
Gold:   474        SH:  0    Dex: 21    Spells: 9/9 levels left

rFire   . . .        s - +0 arbalest
rCold   . . .        (shield currently unavailable)
rNeg    + . .        c - +0 leather armour
rPois   ∞            q - +0 helmet
rElec   +            (no cloak)
rCorr   .            w - +0 pair of gloves
SInv    .            (no boots)
Will    .....        o - amulet of regeneration
Stlth   +            a - +6 ring of dexterity
HPRegen 1.10/turn    (no ring)
MPRegen 0.14/turn

%: no passive effects
@: glowing
A: sickness immunity, AC +7, negative energy resistance 1, electricity
resistance, torment resistance 1, petrification resistance
a: Renounce Religion, Divine Shield


You were in a bailey.
You worshipped the Shining One.
The Shining One was aware of your devotion.
You visited 2 branches of the dungeon, and saw 10 of its levels.
You also visited: Sewer and Bailey.

You collected 474 gold pieces.

Inventory:

Hand Weapons
 p - a +3 sling
 s - a +0 arbalest (weapon)
Armour
 c - a +0 leather armour (worn)
 q - a +0 helmet (worn)
 w - a +0 pair of gloves (worn)
Jewellery
 a - a +6 ring of dexterity (left hand)
 o - an amulet of regeneration (around neck)
Wands
 e - a wand of flame (5)
 r - a wand of paralysis (8)
 t - a wand of mindburst (8)
 v - a wand of polymorph (3)
Scrolls
 b - a scroll of butterflies
 d - 2 scrolls of vulnerability
 g - a scroll of blinking
 h - 6 scrolls of teleportation
 n - 2 scrolls of immolation
 x - 2 scrolls of identify
 y - a scroll of fear
Potions
 f - 2 potions of curing
 i - a potion of heal wounds
 j - a potion of attraction
 k - 3 potions of mutation
 l - 2 potions of magic {unknown}
 m - 3 potions of might
 u - a potion of lignification {unknown}


   Skills:
 + Level 8.5 Fighting
 * Level 11.4 Ranged Weapons
 + Level 8.1 Armour
 - Level 1.5 Dodging
 - Level 1.1 Stealth
 + Level 6.9 Invocations


You had 9 spell levels left.
You didn't know any spells.
Your spell library contained the following spells:

 Spells                   Type           Power      Damage    Failure   Level
 Summon Small Mammal      Summ           0%         N/A       43%         1
 Lesser Beckoning         Tloc           0%         N/A       56%         2
 Call Canine Familiar     Summ           0%         N/A       80%         3
 Gell's Gravitas          Tloc           0%         N/A       80%         3
 Summon Guardian Golem    Hex/Summ       0%         N/A       80%         3
 Teleport Other           Tloc           0%         N/A       80%         3
 Haunt                    Necr/Summ      0%         N/A       100%        7
 Borgnjor's Revivificati  Necr           0%         N/A       100%        8
 Death's Door             Necr           0%         N/A       100%        9


Dungeon Overview and Level Annotations

Branches:
Dungeon (9/15)             Temple (1/1) D:4           Sewer (visited)
 Bailey (1/1)
   Lair: D:8-11         Orc: D:9-12

Altars:
Cheibriados
Dithmenos
Elyvilon
Fedhas
Gozag
Hepliaklqana
Kikubaaqudgha
Makhleb
Nemelex Xobeh
Okawaru
Qazlal
Ru
Sif Muna
Trog
Uskayaw
Wu Jian
Xom
Yredelemnul
Zin
The Shining One

Shops:
D:2 =

Annotations:
D:4 3 runed translucent doors, ChaoticPyre's ghost, amateur MiBe


Innate Abilities, Weirdness & Mutations

You are immune to sickness and miasma.
Your stone body is resilient. (AC +7)
You are immune to poison.
You resist negative energy. (rN+)
You are resistant to electric shocks. (rElec)
You are resistant to unholy torment.
You are immune to petrification.


Message History

The bolt hits the kobold brigand!!
The kobold brigand is almost dead.
The kobold brigand completely misses you.
You shoot a bolt. The bolt hits the kobold brigand!!
The kobold brigand is severely wounded.
The kobold brigand hits you with a +0 war axe.
You shoot a bolt.
The bolt barely misses the kobold brigand.
The bolt hits the kobold brigand but does no damage.
The kobold brigand is almost dead.
The kobold brigand hits you with a +0 war axe.
The kobold brigand barely misses you.
You shoot a bolt. The bolt hits the kobold brigand!!
You kill the kobold brigand!
You shoot a bolt. The bolt hits the kobold brigand!
You kill the kobold brigand!
Unknown command.
You shoot a bolt. The bolt hits the orc warrior!
The orc warrior is heavily wounded.
The orc warrior hits you with a +1 lajatang of speed.
The orc warrior hits you with a +1 lajatang of speed!
The orc warrior barely misses you.
You shoot a bolt. The bolt hits the orc warrior.
The orc warrior is severely wounded.
The orc warrior hits you with a +1 lajatang of speed! x2
You are too injured to fight recklessly!
You are too injured to fight recklessly!
You are too injured to fight recklessly!
You are too injured to fight recklessly!
You are too injured to fight recklessly!
You shoot a bolt.
The bolt hits the orc warrior but does no damage.
The orc warrior is severely wounded.
The orc warrior hits you with a +1 lajatang of speed! x2
* * * LOW HITPOINT WARNING * * *
You shoot a bolt.
The bolt hits the orc warrior but does no damage.
The orc warrior is severely wounded.
The orc warrior hits you with a +1 lajatang of speed!!
You die...

..~~.......~~.. #.
##~(.......~~## #.
..~~...)...~~..
#.###~~...)...~~###
#. ..~~.......~~..
#.###~~.......~~###
#....~~.......~~...
#)###~~.......~~###
#.@o.~).......~~...
#####~~.......~~##
##~.......~##
####'''####
##.....## #∩.....∩#
#...8...# ##..(o.##
###'###


You could see an orc warrior.

Vanquished Creatures
  Jeremiah (D:8)
  Prince Ribbit (D:6)
  8 yaks
  A wyvern (D:5)
  Grum (D:8)
  A steam dragon (D:7)
  Menkaure (D:6)
  Edmund (D:5)
  4 water moccasins
  3 orc warriors (Bailey)
  A black bear (D:8)
  2 ice beasts
  A sky beast (D:8)
  4 wolves (D:8)
  6 ogres
  2 centaurs (D:8)
  A phantom (D:6)
  8 kobold brigands
  2 bullfrogs (D:8)
  3 scorpions
  A wight (D:6)
  2 howler monkeys (D:8)
  2 electric eels (D:8)
  5 jellies
  7 hounds
  5 orc priests
  A sleepcap (D:5)
  5 orc wizards
  Robin (D:2)
  6 adders
  7 gnolls
  2 shadow imps (D:7)
  2 worms (D:2)
  6 dart slugs
  22 orcs
  5 bats
  4 endoplasms
  4 giant cockroaches
  22 goblins
  8 hobgoblins
  3 jackals
  19 kobolds
  A quokka (D:4)
  8 ball pythons
  2 frilled lizards (D:1)
  6 rats
208 creatures vanquished.

Notes
Turn   | Place    | Note
-------+----------+-------------------------------------------
     0 | D:1      | Gelion the Gargoyle Hunter began the quest for the Orb.
     0 | D:1      | Reached XP level 1. HP: 12/12 MP: 1/1
    48 | D:1      | Reached XP level 2. HP: 5/18 MP: 2/2
   160 | D:1      | Reached skill level 1 in Armour
   229 | D:1      | Reached XP level 3. HP: 22/22 MP: 3/3
   819 | D:2      | Found Nuyredd's Jewellery Boutique.
   837 | D:2      | Noticed Robin
   985 | D:2      | Reached XP level 4. HP: 28/28 MP: 4/4
   995 | D:2      | Killed Robin
  1285 | D:2      | Reached skill level 5 in Ranged Weapons
  1310 | D:2      | Found a faded altar of an unknown god.
  1325 | D:2      | Identified the +9 spear of Wyrd {freeze, Drain +Blink rPois
                  | Will+}
  1776 | D:3      | Reached XP level 5. HP: 32/32 MP: 5/5
  1777 | D:3      | Found a glowing drain.
  1792 | Sewer    | Entered a sewer
  1839 | Sewer    | Noticed a water moccasin
  1865 | Sewer    | Killed a water moccasin
  1866 | Sewer    | Reached XP level 6. HP: 12/38 MP: 6/6
  2010 | D:2      | Reached skill level 6 in Ranged Weapons
  2565 | D:4      | Found an iron altar of Okawaru.
  2639 | D:4      | Found a runed translucent gate.
  2642 | D:4      | Noticed ChaoticPyre's ghost (amateur MiBe)
  2649 | D:4      | Found a runed translucent gate.
  2649 | D:4      | Found a runed translucent gate.
  2768 | D:4      | Reached XP level 7. HP: 44/44 MP: 7/7
  2855 | D:4      | Found a staircase to the Ecumenical Temple.
  2892 | Temple   | Entered the Ecumenical Temple
  2897 | Temple   | Became a worshipper of the Shining One
  2982 | D:4      | Reached skill level 7 in Ranged Weapons
  3161 | D:5      | Entered Level 5 of the Dungeon
  3181 | D:5      | Reached skill level 1 in Invocations
  3229 | D:5      | Noticed a wyvern
  3247 | D:5      | Killed a wyvern
  3248 | D:5      | Reached skill level 5 in Fighting
  3248 | D:5      | Reached XP level 8. HP: 18/49 MP: 7/9
  3411 | D:5      | Found a hide-covered altar of Uskayaw.
  3633 | D:6      | Reached skill level 5 in Armour
  3644 | D:6      | Reached skill level 8 in Ranged Weapons
  3747 | D:5      | Noticed Edmund
  3762 | D:5      | Killed Edmund
  4196 | D:6      | Noticed Menkaure
  4199 | D:6      | Killed Menkaure
  4200 | D:6      | Reached XP level 9. HP: 46/55 MP: 11/11
  4242 | D:6      | Noticed Prince Ribbit
  4267 | D:6      | Reached skill level 9 in Ranged Weapons
  4294 | D:6      | Killed Prince Ribbit
  4294 | D:6      | HP: 2/56 [yak (9)]
  4383 | D:6      | Reached * piety under the Shining One
  4384 | D:6      | Reached skill level 5 in Invocations
  4616 | D:7      | Reached skill level 10 in Ranged Weapons
  4616 | D:7      | Reached XP level 10. HP: 51/63 MP: 12/14
  4934 | D:7      | Found a hazy altar of Hepliaklqana.
  5181 | D:7      | Found a sacrificial altar of Ru.
  5462 | D:8      | Found an ornate altar of the Wu Jian Council.
  5618 | D:8      | Noticed Grum
  5622 | D:8      | Killed Grum
  5710 | D:8      | Found a burning altar of Makhleb.
  5749 | D:8      | Noticed Jeremiah
  5783 | D:8      | Reached skill level 11 in Ranged Weapons
  5800 | D:8      | Killed Jeremiah
  5927 | D:8      | Found a white marble altar of Elyvilon.
  6191 | D:9      | Found a flagged portal.
  6199 | Bailey   | Entered a bailey
  6314 | Bailey   | Slain by an orc warrior

Illustrated notes

Levels and vault maps discovered:
D:1:      reono_arrival_forest_river, layout_basic, minmay_3d_cube
D:2:      layout_loops_ring, shapermc_ecumenical_altar_mp_highgroup,
          serial_shops, nicolae_shop_gibbet_a_chance, st_stairs_14, uniq_robin
D:3:      layout_rooms, cheibrodos_sewer_entry_sluice, glass_columns_c,
          chequers_mini_garden, minmay_misc_feat_alley
D:4:      layout_basic, kennysheep_okawaru_gauntlet,
          minmay_temple_entry_statues, gammafunk_ghost_split, minmay_puff
D:5:      layout_loops_ring, nicolae_uskayaw_dance_hall, uniq_edmund
D:6:      layout_rooms, uniq_prince_ribbit1, uniq_menkaure
D:7:      layout_loops_ring, mainiacjoe_overflow_tiny_flanked,
          mainiacjoe_overflow_alcove_1
D:8:      layout_loops_ring, nicolae_elyvilon_temple_path,
          nzn_wu_jian_council_hall, general_overflow_altar, uniq_jeremiah,
          uniq_grum
D:9:      layout_long_grid, mainiacjoe_overflow_24_doors,
          cheibrodos_ashenzari_chains, enter_bailey_2
Temple:   cyrus_circular_temple
Bailey:   bailey_axe_3, bailey

Skill      XL: |  1  2  3  4  5  6  7  8  9 10 |
---------------+-------------------------------+-----
Armour         | 1 2 3 4 5 6 8 |  8.1
Fighting       | 3 4 5 6 7 8 |  8.5
Ranged Weapons | 5 6 7 8 10 11 | 11.4
Invocations    | 1 3 5 6 |  6.9
Dodging        | |  1.5
Stealth        | |  1.1

Action                     |  1- 3 |  4- 6 |  7- 9 | 10-12 || total
---------------------------+-------+-------+-------+-------++-------
   Fire: Shortbow          |    91 |    46 |       |       ||   137
         Sling             |       |   163 |    82 |       ||   245
         Arbalest          |       |       |   171 |   214 ||   385
    Use: Scroll            |       |     8 |     4 |     2 ||    14
         Potion            |       |       |     6 |       ||     6
 Armour: Leather armour    |    35 |   129 |   168 |   126 ||   458
  Dodge: Dodged            |    20 |    76 |   126 |   112 ||   334

Table legend: (Time is in decaauts)
 A = Elapsed time spent in this place.
 B = Non-inter-level travel time spent in this place.
 C = Inter-level travel time spent in this place.
 D = Time resting spent in this place.
 E = Time spent auto-exploring this place.
 F = Levels seen in this place.
 G = Mean time per level.
                   A        B        C        D        E       F      G
               +--------+--------+--------+--------+--------+-----+--------+
         Total |   6544 |   6220 |    324 |    225 |   4302 |  12 |  545.3 |
       Dungeon |   6221 |   5905 |    316 |    225 |   4174 |   9 |  691.2 |
        Temple |     10 |      2 |      8 |      0 |      0 |   1 |   10.0 |
         Sewer |    174 |    174 |      0 |      0 |     99 |   1 |  174.0 |
        Bailey |    137 |    137 |      0 |      0 |     29 |   1 |  137.0 |
               +--------+--------+--------+--------+--------+-----+--------+

Top non-repeatable levels by time:
     D:2: 1017 daAuts
     D:1: 944 daAuts
     D:8: 922 daAuts
     D:5: 840 daAuts
     D:7: 740 daAuts
     D:6: 653 daAuts
     D:4: 611 daAuts
     D:3: 481 daAuts
   Sewer: 174 daAuts
  Bailey: 137 daAuts
  Temple: 10 daAuts
     D:9: 8 daAuts
